 Dungeon Crawl Stone Soup version 0.20-a0-947-g2784f4f (webtiles) character file.

81 Koga the Shooter (level 4, -4/28 HPs)
             Began as an Octopode Arcane Marksman on Apr 3, 2017.
             Slain by a gnoll
             ... wielding a +0 halberd
              (12 damage)
             ... on level 2 of the Dungeon.
             The game lasted 00:09:10 (2116 turns).

Koga the Shooter (Octopode Arcane Marksman)         Turns: 2116, Time: 00:09:11

Health: -4/28      AC:  1    Str:  9    XL:     4   Next: 40%
Magic:  7/7        EV: 13    Int: 15    God:
Gold:   23         SH:  0    Dex: 13    Spells: 6/7 levels left

rFire    . . .     SeeInvis .   a - +0 shortbow
rCold    . . .     Gourm    .   (shield currently unavailable)
rNeg     . . .     Faith    .   (helmet restricted)
rPois    +         Spirit   .   (no amulet)
rElec    .         Reflect  .   g - ring of poison resistance
rCorr    .         Harm     .   (no ring)
MR       .....                  (no ring)
Stlth    +++.......             (no ring)
Regen    0.1/turn               (no ring)
MPRegen  0.1/turn               (no ring)
                                (no ring)
                                (no ring)

@: no status effects
A: almost no armour, stealthy swim, amphibious, 8 rings, constrict 8, camouflage
1, gelatinous body 1
a: no special abilities


You were on level 2 of the Dungeon.
You were not hungry.

You visited 1 branch of the dungeon, and saw 2 of its levels.

You collected 23 gold pieces.

Inventory:

Hand Weapons
 a - a +0 shortbow (weapon)
 k - a +0 short sword
Missiles
 c - 4 arrows (quivered)
Jewellery
 g - a ring of poison resistance (left tentacle)
Scrolls
 b - a scroll of amnesia {unknown}
 f - a scroll of magic mapping {unknown}
 h - 2 scrolls of identify {unknown}
 i - a scroll of enchant armour {unknown}
Potions
 l - a potion of haste {unknown}
 n - a potion of flight {unknown}
 o - a potion of mutation {unknown}
Books
 e - a book of Debilitation

   Spells                             Type                      Level
   a - Corona                         Hexes                        1
   b - Slow                           Hexes                        2
   c - Inner Flame                    Hexes/Fire                   3
   d - Portal Projectile              Hexes/Translocation          3
   e - Cause Fear                     Hexes                        4
   f - Leda's Liquefaction            Hexes/Earth                  4
Comestibles
 d - a bread ration


   Skills:
 - Level 1.0 Fighting
 * Level 3.8 Bows
 - Level 2.0 Dodging
 - Level 1.1 Stealth
 * Level 2.0 Spellcasting
 - Level 3.0 Hexes


You had 6 spell levels left.
You knew the following spells:

 Your Spells              Type           Power        Failure   Level  Hunger
a - Corona                Hex            ##.....      8%          1    #......


Dungeon Overview and Level Annotations

Branches:
Dungeon (2/15)

Altars:


Innate Abilities, Weirdness & Mutations

You cannot wear most types of armour.
You are very stealthy in the water. (Stealth+)
You are amphibious.
You can wear up to eight rings at the same time.
You can use your tentacles to constrict eight enemies at once.
Your skin changes colour to match your surroundings (Stealth+).
Your rubbery body absorbs attacks. (AC +1, EV +1)


Message History

The gnoll is severely wounded.
Firing (i - inventory):
c - 7 arrows (quivered)
Press: ? - help, Shift-Dir - straight line, f/p - gnoll
Aim: a gnoll, wielding a spear (heavily wounded)
You shoot an arrow. The arrow hits the gnoll.
The gnoll is almost dead.
The gnoll hits you from afar with a spear.
Firing (i - inventory):
c - 6 arrows (quivered)
Press: ? - help, Shift-Dir - straight line, f/p - gnoll
Aim: a gnoll, wielding a spear (almost dead)
You shoot an arrow. The arrow hits the gnoll.
You kill the gnoll!
The gnoll misses you. The gnoll hits you with a club!
* * * LOW HITPOINT WARNING * * *
Firing (i - inventory):
c - 5 arrows (quivered)
Press: ? - help, Shift-Dir - straight line, f - gnoll
Aim: a gnoll, wielding a club (moderately wounded)
You shoot an arrow. The arrow closely misses the gnoll.
The gnoll hits you from afar with a halberd!
You die...

# #.# #.## ## #(#
#..# .# #.# ##.#
.# #.# #.# .#
######.# #.#
###########......#
#.#
#...)(...g.gg..g.#
#.#
..#########.####g#
#.# ### #.# #@#
#.# # #.# #.# #.#
#.# #.# #†# #.#
#.# #.# #.# #.#
#.# ..# #.# #.#
#.#########.#
#....)......#
#############


You could see 2 gnolls.

Vanquished Creatures
  A gnoll (D:2)
  4 adders
  A worm (D:2)
  A dart slug (D:1)
  A giant cockroach (D:1)
  5 hobgoblins
  5 bats
  A frilled lizard (D:2)
  4 goblins (D:1)
  5 kobolds (D:1)
  6 rats
34 creatures vanquished.

Notes
Turn   | Place    | Note
-------+----------+-------------------------------------------
     0 | D:1      | Koga the Octopode Arcane Marksman began the quest for the Orb.
     0 | D:1      | Reached XP level 1. HP: 13/13 MP: 2/2
   184 | D:1      | Reached XP level 2. HP: 10/18 MP: 1/4
   387 | D:1      | Reached XP level 3. HP: 9/23 MP: 1/5
  1614 | D:2      | Reached skill level 1 in Stealth
  1614 | D:2      | Reached XP level 4. HP: 9/28 MP: 7/7
  2116 | D:2      | Slain by a gnoll

Vault maps used:
D:1:      dpeg_arrival_round_a, st_stairs_4
D:2:      marbit_many_paths, first_bread

Skill      XL: |  1  2  3 |
---------------+----------+-----
Spellcasting   | 2 |  2.0
Bows           | 3 |  3.8
Stealth        | 1 |  1.1
Fighting       | |  1.0
Dodging        | |  2.0
Hexes          | |  3.0

Action                   |  1- 3 |  4- 6 || total
-------------------------+-------+-------++-------
Melee: Short sword       |     4 |       ||     4
       Tentacles         |     3 |       ||     3
       Constrict         |     1 |       ||     1
 Fire: Shortbow          |    87 |    36 ||   123
 Cast: Corona            |    20 |     6 ||    26
  Eat: Chunk             |     2 |       ||     2
       Royal jelly       |       |     1 ||     1
Armor: Skin              |     7 |     2 ||     9
Dodge: Dodged            |    28 |     8 ||    36
